 Dungeon Crawl Stone Soup version 0.29-a0-409-gd843f3a48c (webtiles) character file.

Game seed: 1350565066173129515

1838 Bruhh the Chiller (level 9, -1/79 (97) HPs)
             Began as a Gnoll Ice Elementalist on May 13, 2022.
             Was an Initiate of Ashenzari.
             Slain by a wight
             ... wielding a +5 morningstar
              (3 damage)
             ... on level 5 of the Dungeon.
             The game lasted 00:11:35 (6936 turns).

Bruhh the Chiller (Gnoll Ice Elementalist)          Turns: 6936, Time: 00:11:38

HP:   -1/79 (97)    AC: 24    Str:  8    XL:     9   Next: 11%
MP:   20/27         EV:  2    Int: 19    God:    Ashenzari [......]
Gold: 190           SH:  0    Dex: 12    Spells: 13/20 levels left

rFire   . . .      SeeInvis .   m - staff of cold
rCold   + . .      Faith    .   p - orb {*Rage}
rNeg    . . .      Spirit   .   (body armour currently unavailable)
rPois   +          Reflect  .   (helmet currently unavailable)
rElec   .          Harm     .   (cloak currently unavailable)
rCorr   .          Rampage  .   (gloves currently unavailable)
Will    .....      Rage     20% (boots currently unavailable)
Stlth   +++....... NoTele   +   (no amulet)
HPRegen 0.23/turn               u - ring of wizardry
MPRegen 0.20/turn               v - ring of magical power

@: tree-form, on berserk cooldown, slowed, heavily drained, very slow
A: stationary, stasis, torment immunity, boosted hp, (fangs 1), strong nose,
distributed training
a: Renounce Religion, Curse Item


You were on level 5 of the Dungeon.
You worshipped Ashenzari.
Ashenzari was noncommittal.
You were a tree.
You visited 2 branches of the dungeon, and saw 6 of its levels.

You collected 190 gold pieces.

Inventory:

Hand Weapons
 f - a +0 rapier
Missiles
 j - 3 throwing nets
 k - 6 poisoned darts
Armour
 a - a +0 robe
 l - a +2 robe of willpower (melded)
 p - an orb of wrath (worn)
 r - a +1 cloak (melded)
Magical Staves
 m - a staff of cold (weapon)
Jewellery
 u - a ring of wizardry (left branch)
 v - a ring of magical power (right branch)
 A - a ring of flight
Wands
 h - a wand of paralysis (9)
 q - a wand of flame (14)
 t - a wand of charming (7)
 C - a wand of acid (8)
Scrolls
 c - 2 scrolls of silence
 n - 6 scrolls of identify
 s - a scroll of enchant weapon {unknown}
 w - a scroll of magic mapping {unknown}
 x - a scroll of poison
Potions
 b - a potion of magic
 d - a potion of lignification
 e - 2 potions of curing
 g - a potion of degeneration {unknown}
 i - a potion of heal wounds {unknown}
 o - a potion of resistance
 z - a potion of might {unknown}
 B - a potion of mutation {unknown}
 D - a potion of berserk rage {unknown}


   Skills:
 + Level 3.9 Fighting
 + Level 3.9 Short Blades
 + Level 3.9 Long Blades
 + Level 3.9 Axes
 + Level 3.9 Maces & Flails
 + Level 3.9 Polearms
 + Level 3.9 Staves
 + Level 3.9 Slings
 + Level 3.9 Bows
 + Level 3.9 Crossbows
 + Level 3.9 Throwing
 + Level 3.9 Armour
 + Level 6.1 Dodging
 + Level 5.8 Stealth
 + Level 3.9 Shields
 + Level 3.9 Unarmed Combat
 + Level 6.4 Spellcasting
 + Level 3.2 Conjurations
 + Level 3.2 Hexes
 + Level 3.2 Summonings
 + Level 3.2 Necromancy
 + Level 3.2 Translocations
 + Level 3.2 Transmutations
 + Level 3.2 Fire Magic
 + Level 7.9 Ice Magic
 + Level 3.2 Air Magic
 + Level 3.2 Earth Magic
 + Level 3.2 Poison Magic
 + Level 4.3 Invocations
 + Level 3.9 Evocations


You had 13 spell levels left.
You knew the following spells:

 Your Spells              Type           Power      Damage    Failure   Level
a - Freeze                Ice            100%       1d11      1%          1
b - Frozen Ramparts       Ice            100%       1d12      1%          3
c - Ozocubu's Armour      Ice            52%        N/A       1%          3

Your spell library contained the following spells:

 Spells                   Type           Power      Damage    Failure   Level
 Magic Dart               Conj           72%        1d6       1%          1
 Blink                    Tloc           36%        N/A       1%          2
 Call Imp                 Summ           18%        N/A       1%          2
 Ensorcelled Hibernation  Hex/Ice        80%        N/A       1%          2
 Passwall                 Tmut/Erth      15%        N/A       1%          2
 Ignite Poison            Fire/Tmut/Pois 18%        N/A       3%          3
 Lesser Beckoning         Tloc           18%        N/A       3%          3
 Mephitic Cloud           Conj/Pois/Air  18%        N/A       3%          3
 Swiftness                Air            18%        N/A       3%          3
 Hailstorm                Conj/Ice       40%        3d10      4%          4
 Ice Form                 Ice/Tmut       40%        N/A       4%          4
 Summon Ice Beast         Ice/Summ       40%        N/A       4%          4
 Freezing Cloud           Conj/Ice/Air   18%        6-21      16%         5
 Manifold Assault         Tloc           18%        N/A       30%         5
 Ozocubu's Refrigeration  Ice            26%        4d10      77%         7
 Dispersal                Tloc           9%         N/A       83%         6
 Disjunction              Tloc           9%         N/A       100%        8


Dungeon Overview and Level Annotations

Branches:
Dungeon (5/15)             Temple (1/1) D:4

Altars:
Ashenzari
Cheibriados
Elyvilon
Hepliaklqana
Kikubaaqudgha
Qazlal
Ru
Uskayaw
The Shining One


Innate Abilities, Weirdness & Mutations

You are a tree.
Your roots penetrate the ground, keeping you stationary.
You cannot be teleported.
You are immune to unholy pain and torment.
Your maximum health is greatly increased.
Your equipment is partially melded.
((You have very sharp teeth.))
Your uncanny sense of smell can sniff out nearby items.
Your experience applies equally to all skills.


Message History

You feel drained.
The wight completely resists.
The wall freezes the wight but does no damage.
The wight closely misses you.
Okay, then.
Blink to where?
Press: ? - help, Dir - move target
Okay, then.
You feel better.
The wight completely resists.
The wall freezes the wight but does no damage.
The wight misses you.
You closely miss the wight.
The wight is lightly damaged.
The wight resists.
The wall freezes the wight.
The wight hits you with a +5 morningstar.
You feel drained.
The wight resists.
The wall freezes the wight.
The wight hits you with a +5 morningstar.
You feel drained.
Blink to where?
Press: ? - help, Dir - move target Your icy armour and frozen ramparts will break if you move.
Continue? [Y]es or [N]o only, please.
Your icy armour and frozen ramparts will break if you move.
Continue?
Your icy armour cracks and falls away as you move.
The frozen ramparts melt away as you move.
As you read the scroll of blinking, it crumbles to dust.
The wight attacks as you move away!
The wight hits you with a +5 morningstar.
The wight hits you with a +5 morningstar.
* * * LOW HITPOINT WARNING * * *
You feel drained.
* * * LOW HITPOINT WARNING * * *
Okay, then.
It was a potion of lignification.
You turn into a tree.
Your +1 cloak melds into your body.
Your +2 robe of willpower melds into your body.
You feel less strong-willed.
Your roots penetrate the ground.
The wight hits you with a +5 morningstar!
* * * LOW HITPOINT WARNING * * *
You feel drained.
You die...

#.####..##....########.#
#......>##..............
#.####.###......[.......
#.# #.# #.#...#########
#.# #.###.#...#
#.####.........#
...........#..##
#.............# #
#######♣......# #.
#..z....####
#.####.##.#..#
#............#
###.#####.##.# #)#
#.##.########### #z#
#.##...........# #.#
#.############.# #.# #.#
#.#


You could see a wight.

Vanquished Creatures
  Pikel (D:4)
  Sigmund (D:2)
  Eustachio (D:4)
  A sky beast (D:5)
  A black bear (D:5)
  An ogre (D:5)
  The ghost of LavaOrcPlayer the Digger, an amateur DsEE (D:3)
  2 lemures (D:4)
  A phantom (D:3)
  2 necrophages
  2 wights (D:5)
  A hound (D:5)
  An orc priest (D:3)
  Crazy Yiuf (D:2)
  An iguana (D:5)
  Natasha (thrice) (D:2)
  Robin (D:2)
  4 gnolls (D:5)
  8 adders
  An ufetubus (D:5)
  2 worms (D:4)
  5 dart slugs
  12 orcs
  A bat (D:1)
  5 endoplasms
  4 giant cockroaches
  15 goblins
  7 hobgoblins
  9 jackals
  9 kobolds
  7 quokkas
  3 ball pythons
  6 frilled lizards
  7 rats
127 creatures vanquished.

Notes
Turn   | Place    | Note
-------+----------+-------------------------------------------
     0 | D:1      | Bruhh the Gnoll Ice Elementalist began the quest for the
                  | Orb.
     0 | D:1      | Reached XP level 1. HP: 13/13 MP: 6/6
   321 | D:1      | Reached XP level 2. HP: 14/19 MP: 3/7
   811 | D:1      | Reached XP level 3. HP: 19/25 MP: 7/9
   812 | D:1      | Reached skill level 5 in Spellcasting
  1310 | D:1      | Reached skill level 1 in Invocations
  1736 | D:2      | Reached skill level 1 in Fighting
  1736 | D:2      | Reached skill level 1 in Short Blades
  1736 | D:2      | Reached skill level 1 in Long Blades
  1736 | D:2      | Reached skill level 1 in Axes
  1736 | D:2      | Reached skill level 1 in Maces & Flails
  1736 | D:2      | Reached skill level 1 in Polearms
  1736 | D:2      | Reached skill level 1 in Staves
  1736 | D:2      | Reached skill level 1 in Slings
  1736 | D:2      | Reached skill level 1 in Bows
  1736 | D:2      | Reached skill level 1 in Crossbows
  1736 | D:2      | Reached skill level 1 in Throwing
  1736 | D:2      | Reached skill level 1 in Armour
  1736 | D:2      | Reached skill level 1 in Shields
  1736 | D:2      | Reached skill level 1 in Unarmed Combat
  1736 | D:2      | Reached skill level 1 in Evocations
  1736 | D:2      | Reached XP level 4. HP: 31/32 MP: 7/11
  1839 | D:2      | Noticed Sigmund
  1846 | D:2      | Learned a level 3 spell: Frozen Ramparts
  1850 | D:2      | Learned a level 3 spell: Ozocubu's Armour
  1860 | D:2      | Killed Sigmund
  1861 | D:2      | Reached skill level 1 in Conjurations
  1861 | D:2      | Reached skill level 1 in Hexes
  1861 | D:2      | Reached skill level 1 in Summonings
  1861 | D:2      | Reached skill level 1 in Necromancy
  1861 | D:2      | Reached skill level 1 in Translocations
  1861 | D:2      | Reached skill level 1 in Transmutations
  1861 | D:2      | Reached skill level 1 in Fire Magic
  1861 | D:2      | Reached skill level 1 in Air Magic
  1861 | D:2      | Reached skill level 1 in Earth Magic
  1861 | D:2      | Reached skill level 1 in Poison Magic
  1861 | D:2      | Reached XP level 5. HP: 14/38 MP: 6/12
  2143 | D:2      | Reached XP level 6. HP: 42/44 MP: 10/13
  2226 | D:2      | Found a stormy altar of Qazlal.
  2273 | D:2      | Noticed Natasha
  2281 | D:2      | Killed Natasha
  2323 | D:2      | Noticed Natasha
  2329 | D:2      | Killed Natasha
  2472 | D:2      | Found a runed translucent door.
  2473 | D:2      | Noticed Crazy Yiuf
  2510 | D:2      | Noticed Robin
  2516 | D:2      | Reached skill level 5 in Dodging
  2526 | D:2      | Killed Robin
  2740 | D:2      | Noticed Natasha
  2747 | D:2      | Killed Natasha
  3168 | D:2      | Killed Crazy Yiuf
  3359 | D:3      | Found a faded altar of an unknown god.
  3617 | D:3      | Noticed LavaOrcPlayer's ghost (amateur DsEE)
  3622 | D:3      | Found a runed translucent gate.
  3622 | D:3      | Found a runed translucent gate.
  3622 | D:3      | Found a runed translucent gate.
  3810 | D:3      | Reached XP level 7. HP: 42/50 MP: 12/15
  4078 | D:3      | Killed LavaOrcPlayer's ghost
  5222 | D:4      | Found a staircase to the Ecumenical Temple.
  5226 | Temple   | Entered the Ecumenical Temple
  5234 | Temple   | Became a worshipper of Ashenzari the Shackled
  5260 | D:4      | Noticed Pikel
  5374 | D:4      | Noticed Eustachio
  5388 | D:4      | Killed Eustachio
  5389 | D:4      | Reached skill level 5 in Stealth
  5615 | D:4      | Killed Pikel
  5616 | D:4      | Reached XP level 8. HP: 51/58 MP: 4/17
  6068 | D:5      | Entered Level 5 of the Dungeon
  6525 | D:5      | Reached XP level 9. HP: 65/65 MP: 18/18
  6936 | D:5      | HP: 2/84 [wight/+5 morningstar (14)]
  6936 | D:5      | Slain by a wight

Illustrated notes

Levels and vault maps discovered:
D:1:      giann_bridges, layout_basic
D:2:      layout_loops_ring, basic_altar, uniq_natasha, uniq_sigmund,
          uniq_crazy_yiuf_cottage, uniq_robin
D:3:      layout_rooms, gammafunk_ghost_split, nicolae_ecumenical_lake_church,
          kennysheep_cross_room, chequers_serial_rivers_small_a
D:4:      layout_rooms, minmay_temple_entry_grid, cheibrodos_sewer_entry_bend,
          uniq_pikel, uniq_eustachio
D:5:      layout_loops_ring
Temple:   eino_temple_lava

Skill      XL: |  1  2  3  4  5  6  7  8 |
---------------+-------------------------+-----
Spellcasting   | 5 6 |  6.4
Invocations    | 1 2 3 4 |  4.3
Fighting       | 1 2 3 |  3.9
Short Blades   | 1 2 3 |  3.9
Long Blades    | 1 2 3 |  3.9
Axes           | 1 2 3 |  3.9
Maces & Flails | 1 2 3 |  3.9
Polearms       | 1 2 3 |  3.9
Staves         | 1 2 3 |  3.9
Slings         | 1 2 3 |  3.9
Bows           | 1 2 3 |  3.9
Crossbows      | 1 2 3 |  3.9
Throwing       | 1 2 3 |  3.9
Armour         | 1 2 3 |  3.9
Shields        | 1 2 3 |  3.9
Unarmed Combat | 1 2 3 |  3.9
Evocations     | 1 2 3 |  3.9
Conjurations   | 1 2 3 |  3.2
Hexes          | 1 2 3 |  3.2
Summonings     | 1 2 3 |  3.2
Necromancy     | 1 2 3 |  3.2
Translocations | 1 2 3 |  3.2
Transmutations | 1 2 3 |  3.2
Fire Magic     | 1 2 3 |  3.2
Air Magic      | 1 2 3 |  3.2
Earth Magic    | 1 2 3 |  3.2
Poison Magic   | 1 2 3 |  3.2
Dodging        | 5 6 |  6.1
Stealth        | 5 |  5.8
Ice Magic      | |  7.9

Action                   |  1- 3 |  4- 6 |  7- 9 || total
-------------------------+-------+-------+-------++-------
Melee: Rapier            |    18 |     1 |       ||    19
       Unarmed           |     1 |       |       ||     1
       Bite              |     1 |     1 |    10 ||    12
       Staff             |       |    12 |    94 ||   106
       Punch             |       |     1 |     1 ||     2
 Cast: Freeze            |    44 |    40 |    73 ||   157
       Frozen Ramparts   |       |     5 |    13 ||    18
       Ozocubu's Armour  |       |     3 |    10 ||    13
  Use: Scroll            |       |       |     8 ||     8
       Potion            |       |       |     4 ||     4
 Stab: Sleeping          |       |       |     2 ||     2
Armor: Robe              |     4 |    13 |    53 ||    70
Dodge: Dodged            |    41 |    39 |   135 ||   215

Table legend: (Time is in decaauts)
 A = Elapsed time spent in this place.
 B = Non-inter-level travel time spent in this place.
 C = Inter-level travel time spent in this place.
 D = Time resting spent in this place.
 E = Time spent auto-exploring this place.
 F = Levels seen in this place.
 G = Mean time per level.
                   A        B        C        D        E       F      G
               +--------+--------+--------+--------+--------+-----+--------+
         Total |   6982 |   6912 |     70 |    880 |   5015 |   6 | 1163.7 |
       Dungeon |   6965 |   6895 |     70 |    880 |   5015 |   5 | 1393.0 |
        Temple |     16 |     16 |      0 |      0 |      0 |   1 |   16.0 |
               +--------+--------+--------+--------+--------+-----+--------+

Top non-repeatable levels by time:
     D:3: 1849 daAuts
     D:2: 1754 daAuts
     D:1: 1490 daAuts
     D:4: 979 daAuts
     D:5: 892 daAuts
  Temple: 16 daAuts
